Map: Jagannatha LE

Players

Denver - Winner!

  • Race: Zerg Zerg

Lambo

  • Race: Zerg Zerg

Event: DreamHack SC2 Masters 2021 Winter

VOD

Have the link to the VOD?

Description

Time

  • Played on: Oct. 14, 2021, 11:09 a.m.
  • Length: 16:24

All games in this series

Show
View Real Time Build Order
Export as new Build Order

Denver Zerg - Winner!

Build Orders: 1 Base Baneling Bust, Pool First 

Get SALT Encoding   

  12  0:00  Drone  
  13  0:11  Extractor  
  12  0:24  Spawning Pool  
  12  0:28  Drone  
  12  0:33  Drone  
  13  0:40  Drone  
  14  0:51  Overlord  
  14  1:11  Metabolic Boost, Zergling x4  
  16  1:14  Zergling x2  
  17  1:22  Zergling x2  
  18  1:30  Baneling Nest  
  17  1:34  Zergling x2  
  18  1:46  Zergling x2  
  19  1:58  Zergling x2  
  20  2:08  Zergling x2  
  20  2:15  Hatchery  
  20  2:17  Baneling  
  20  2:20  Baneling  
  20  2:27  Zergling x2  
  21  2:35  Zergling x2  
  22  2:45  Overlord  
  22  3:00  Baneling  
  22  3:02  Baneling  
  22  3:03  Queen  
  24  3:06  Zergling x2  
  24  3:12  Drone  
  24  3:15  Drone  
  24  3:22  Drone  
  24  3:27  Drone  
  25  3:39  Drone x2  
  22  3:42  Queen  
  24  3:51  Drone x2  
  24  3:58  Drone  
  24  3:59  Drone  
  26  4:06  Drone  
  27  4:11  Drone  
  27  4:12  Drone  
  27  4:14  Drone  
  27  4:15  Drone  
  31  4:20  Overlord  
  31  4:22  Drone  
  32  4:30  Drone  
  32  4:31  Evolution Chamber  
  32  4:34  Drone  
  33  4:38  Lair  
  33  4:43  Drone x2  
  33  4:44  Drone  
  36  4:47  Drone  
  36  4:51  Drone x2  
  39  4:55  Overlord  
  39  4:59  Zerg Missile Weapons Level 1  
  39  5:06  Roach Warren  
  38  5:07  Drone  
  38  5:09  Drone  
  38  5:11  Drone  
  41  5:15  Extractor  
  41  5:17  Extractor  
  39  5:22  Drone x3  
  39  5:23  Drone x3  
  45  5:32  Evolution Chamber, Overlord  
  44  5:36  Overseer  
  44  5:38  Drone x4  
  44  5:42  Extractor  
  47  5:43  Overlord  
  47  5:47  Glial Reconstitution  
  47  5:52  Roach x2  
  51  6:03  Roach x4  
  59  6:10  Roach  
  61  6:17  Hatchery  
  60  6:19  Overlord  
  60  6:23  Roach  
  62  6:30  Roach  
  62  6:31  Roach x2  
  68  6:33  Overlord  
  68  6:39  Roach  
  70  6:44  Roach x3  
  76  6:53  Roach  
  76  6:54  Roach  
  80  6:57  Roach x2  
  84  7:08  Drone, Spire  
  84  7:14  Overlord  
  74  7:31  Drone x10  
  74  7:33  Queen  
  84  7:37  Zerg Missile Weapons Level 2  
  84  7:39  Drone x2  
  84  7:42  Drone x2  
  88  7:45  Overlord  
  88  7:51  Roach x2  
  90  7:57  Extractor  
  81  7:58  Extractor  
  80  8:20  Mutalisk x8  
  80  8:23  Drone x5  
  101  8:32  Zerg Ground Armor Level 1  
  101  8:33  Overlord  
  101  8:34  Drone x4  
  105  8:42  Drone  
  105  8:44  Overlord  
  105  8:48  Overlord  
  106  8:54  Drone x4  
  106  8:55  Drone  
  111  8:56  Hatchery  
  111  8:59  Overlord  
  111  9:02  Roach x2  
  114  9:13  Roach x6  
  114  9:17  Overlord  
  124  9:19  Overseer  
  124  9:22  Roach x4  
  132  9:27  Overlord  
  132  9:33  Roach x3  
  132  9:35  Overlord  
  134  9:46  Roach x9  
  134  9:48  Overlord  
  134  9:51  Overlord  
  152  9:53  Ravager  
  152  9:54  Ravager x5  
  152  9:59  Roach x2  
  162  10:06  Overlord  
  162  10:12  Roach x4  
  170  10:21  Roach x5  
  163  10:29  Roach  
  163  10:30  Roach x3  
  165  10:36  Roach  
  165  10:37  Roach x2  
  165  10:39  Hydralisk Den  
  165  10:41  Ravager x2  
  165  10:42  Ravager x2  
  170  10:44  Roach x4  
  178  10:50  Roach x7  
  186  11:07  Roach x7  
  157  11:16  Roach x7  
  159  11:19  Roach  
  159  11:20  Roach x3  
  163  11:27  Roach  
  163  11:28  Roach x2  
  163  11:29  Ravager x2  
  168  11:33  Roach  
  168  11:37  Roach x2  
  174  11:44  Roach x5  
  184  11:52  Overlord x2  
  184  11:54  Burrow  
  180  12:10  Roach  
  180  12:11  Roach x10  
  165  12:18  Roach x5  
  171  12:24  Roach x3  
  171  12:29  Extractor  
  162  12:32  Roach  
  162  12:33  Roach x6  
  172  12:43  Roach  
  172  12:44  Roach x3  
  172  12:46  Ravager  
  172  12:50  Roach x3  
  168  12:53  Ravager x2  
  168  12:55  Roach x4  
  168  12:56  Roach  
  168  12:57  Zergling x6, Roach x3  
  179  13:02  Ravager  
  180  13:06  Ravager  
  180  13:10  Ravager  
  180  13:11  Roach  
  180  13:12  Roach  
  186  13:22  Lurker Den  
  186  13:23  Extractor  
  184  13:30  Roach x4  
  184  13:31  Roach x4  
  163  13:50  Roach  
  163  13:51  Roach x13  
  170  13:56  Roach  
  170  13:57  Roach x5  
  174  14:04  Roach x5  
  174  14:08  Ravager  
  181  14:19  Roach x6  
  181  14:24  Ravager x3  
  174  14:42  Roach x8  
  174  14:43  Roach x4  
  144  14:56  Roach x6  
  149  15:01  Hydralisk x2  
  153  15:08  Roach  
  153  15:09  Roach x2  
  159  15:19  Roach x5  
  165  15:31  Lurker x2  
  165  15:32  Hydralisk x3  
  173  15:38  Roach x3  
  179  15:49  Roach x5  
  189  15:55  Roach x3  
  189  15:56  Roach  
Show
View Real Time Build Order
Export as new Build Order

Lambo Zerg 

Build Orders: Hatch First 

Get SALT Encoding   

  12  0:00  Drone  
  13  0:13  Overlord  
  13  0:16  Drone  
  14  0:31  Drone x2  
  16  0:48  Hatchery  
  15  0:50  Drone  
  15  0:55  Drone  
  17  0:57  Drone  
  18  1:08  Extractor  
  17  1:13  Spawning Pool  
  17  1:16  Drone  
  17  1:20  Drone  
  18  1:28  Drone  
  19  1:39  Drone  
  20  1:52  Drone  
  21  2:00  Queen  
  21  2:01  Zergling x2  
  26  2:04  Spine Crawler  
  26  2:07  Spine Crawler  
  24  2:09  Zergling x2  
  25  2:19  Zergling x2  
  26  2:23  Zergling x2  
  26  2:28  Zergling x2  
  27  2:35  Baneling Nest  
  27  2:36  Overlord  
  24  2:41  Queen  
  24  3:02  Drone x3  
  27  3:09  Spawning Pool  
  26  3:18  Baneling x4  
  19  3:56  Queen  
  19  3:58  Drone x3  
  24  4:03  Drone  
  24  4:05  Hatchery  
  24  4:08  Drone x2  
  26  4:19  Drone  
  27  4:30  Zergling x2  
  28  4:39  Evolution Chamber  
  28  4:41  Drone  
  28  4:52  Drone  
  29  4:53  Overlord  
  29  4:55  Drone  
  30  5:04  Zerg Missile Weapons Level 1  
  30  5:12  Drone x2  
  32  5:15  Drone  
  32  5:16  Roach Warren  
  32  5:20  Drone  
  32  5:22  Drone x3  
  32  5:26  Lair  
  35  5:30  Drone x2  
  37  5:41  Queen  
  37  5:42  Drone  
  40  5:43  Drone  
  40  5:48  Drone x2  
  40  5:49  Overlord  
  43  5:52  Extractor  
  43  5:53  Drone  
  43  5:54  Extractor  
  43  5:55  Drone  
  43  6:05  Overlord  
  43  6:08  Drone x3  
  46  6:13  Drone  
  46  6:15  Drone  
  48  6:19  Drone x3  
  51  6:26  Hatchery  
  51  6:28  Overseer  
  51  6:29  Overlord  
  50  6:33  Glial Reconstitution  
  50  6:35  Roach x3  
  56  6:40  Overlord  
  56  6:44  Roach  
  56  6:46  Overlord  
  58  6:50  Overlord  
  58  6:51  Roach x2  
  62  6:54  Overlord  
  62  6:56  Roach  
  64  7:02  Roach x2  
  64  7:06  Overlord  
  64  7:07  Roach  
  70  7:10  Roach  
  72  7:20  Roach x4  
  78  7:23  Roach  
  78  7:26  Roach  
  78  7:28  Roach  
  76  7:33  Roach x3  
  82  7:37  Zerg Missile Weapons Level 2  
  82  7:40  Roach  
  84  7:47  Pneumatized Carapace  
  84  7:51  Roach  
  84  7:52  Drone  
  84  7:53  Drone  
  84  7:57  Drone x2  
  84  8:01  Drone x2  
  84  8:02  Roach  
  88  8:06  Drone x2  
  88  8:07  Drone  
  88  8:10  Drone, Extractor  
  95  8:12  Drone x2  
  95  8:15  Overlord  
  95  8:16  Drone  
  95  8:19  Overseer  
  96  8:21  Drone x2  
  96  8:26  Queen  
  100  8:27  Drone  
  100  8:31  Drone x2  
  103  8:34  Overlord, Extractor  
  103  8:35  Extractor  
  103  8:37  Roach  
  103  8:42  Roach x3  
  103  8:46  Queen  
  103  8:47  Queen  
  111  8:51  Hydralisk Den  
  111  8:52  Drone x4  
  111  8:53  Drone  
  111  8:55  Drone  
  116  9:02  Spore Crawler  
  115  9:04  Spore Crawler  
  115  9:05  Drone  
  115  9:08  Spore Crawler  
  114  9:13  Spore Crawler  
  114  9:16  Overlord x2  
  113  9:19  Spore Crawler  
  113  9:21  Overlord  
  112  9:28  Overlord  
  112  9:29  Muscular Augments  
  112  9:36  Overlord  
  112  9:38  Drone x2  
  116  9:42  Hydralisk x4  
  124  9:46  Hydralisk  
  124  9:50  Drone  
  125  9:53  Hydralisk x4, Zerg Ground Armor Level 1  
  125  9:55  Hydralisk  
  125  9:58  Hydralisk  
  137  10:00  Hydralisk  
  137  10:06  Overlord  
  139  10:07  Overlord  
  139  10:09  Overlord  
  139  10:11  Overlord  
  139  10:15  Overlord  
  131  10:23  Roach x3  
  131  10:27  Roach  
  133  10:29  Roach x3  
  133  10:32  Roach x3  
  139  10:38  Roach x2  
  142  10:42  Drone  
  142  10:43  Drone  
  142  10:45  Grooved Spines, Roach x3  
  142  10:46  Ravager  
  142  10:47  Ravager  
  142  10:48  Ravager  
  152  10:54  Roach x3  
  158  11:00  Roach  
  158  11:04  Roach  
  153  11:05  Roach  
  153  11:08  Roach  
  153  11:10  Roach x2  
  133  11:13  Roach  
  129  11:19  Hydralisk, Roach  
  129  11:23  Roach x3  
  137  11:26  Hatchery  
  137  11:28  Roach  
  137  11:29  Roach  
  140  11:33  Roach  
  140  11:38  Roach x2  
  144  11:44  Queen  
  144  11:46  Roach x2  
  150  11:48  Ravager x2  
  150  11:53  Roach x4  
  160  11:56  Roach  
  160  11:57  Ravager x2  
  164  12:02  Roach x3  
  164  12:06  Roach x2  
  164  12:08  Roach  
  164  12:10  Roach  
  164  12:12  Roach  
  164  12:13  Roach  
  148  12:16  Roach x2  
  148  12:18  Roach  
  148  12:22  Roach x4  
  156  12:25  Roach  
  150  12:31  Roach  
  150  12:33  Roach x2  
  145  12:44  Roach  
  145  12:47  Ravager x2  
  147  12:51  Roach  
  147  12:52  Roach x2  
  147  12:53  Hatchery  
  152  12:59  Roach x3  
  152  13:00  Ravager x3  
  152  13:01  Ravager  
  152  13:02  Ravager  
  163  13:10  Roach x3  
  169  13:13  Drone, Overseer  
  170  13:33  Roach  
  166  13:35  Roach x2  
  166  13:39  Roach  
  166  13:40  Roach  
  166  13:41  Roach  
  168  13:46  Roach  
  168  13:49  Roach  
  168  13:50  Roach  
  167  13:57  Overlord  
  167  14:02  Overlord  
  167  14:05  Overlord  
  165  14:14  Hatchery  
  165  14:16  Roach x7  
  175  14:17  Roach x2  
  175  14:23  Ravager  
  175  14:24  Roach  
  176  14:30  Roach x2  
  180  14:34  Roach  
  180  14:37  Roach  
  172  14:39  Roach  
  172  14:41  Roach  
  172  14:42  Roach x3  
  172  14:44  Roach  
  137  14:46  Roach  
  137  14:48  Roach  
  137  14:49  Roach  
  137  14:52  Roach  
  113  14:59  Roach x2  
  117  15:03  Roach  
  119  15:08  Ravager x3  
  119  15:09  Ravager x2  
  124  15:15  Roach x3  
  124  15:16  Ravager  
  124  15:20  Roach  
  133  15:24  Roach x2  
  135  15:31  Roach  
  135  15:32  Hatchery  
  134  15:41  Roach  
  134  15:42  Roach  
  138  15:44  Roach x2  
  142  15:50  Roach  
  142  15:52  Roach  
  142  15:53  Ravager x2  
  142  15:55  Roach  
  148  16:02  Roach x2  
  150  16:05  Drone, Roach  
  150  16:09  Drone  

Tags
 
Add a new tag
Caveats
  • Supply blocks, unpowered buildings, or Contaminate may cause inaccurate times.
  • Supply counts are checked every 10 seconds.